 Dungeon Crawl Stone Soup version 0.19-a0-1002-g674d22e (webtiles) character file.

22 HAL9000 the Chucker (level 2, -3/31 HPs)
             Began as an Ogre Hunter on July 18, 2016.
             Slain by an adder (5 damage)
             ... on level 2 of the Dungeon.
             The game lasted 00:02:32 (1299 turns).

HAL9000 the Chucker (Ogre Hunter)                   Turns: 1299, Time: 00:02:33

Health: -3/31      AC:  3    Str: 16    XL:     2   Next: 91%
Magic:  2/2        EV: 10    Int: 10    God:
Gold:   24         SH:  0    Dex: 10    Spells: 0 memorised, 1 level left

rFire  . . .     SeeInvis .     a - +0 short sword
rCold  . . .     Gourm    .     b - +0 robe
rNeg   . . .     Faith    .     (no shield)
rPois  .         Spirit   .     (helmet restricted)
rElec  .         Dismiss  .     (no cloak)
rCorr  .         Reflect  .     (gloves unavailable)
SustAt .         Harm     .     (boots unavailable)
MR     .....                    (no amulet)
Stlth  +.........               (no ring)
                                (no ring)

@: lethally poisoned (-3 -> -18), not resistant to hostile enchantments, very
unstealthy
A: unfitting armour, tough skin 1
a: no special abilities


You were on level 2 of the Dungeon.
You were not hungry.

You visited 1 branch of the dungeon, and saw 2 of its levels.

You collected 24 gold pieces.

Inventory:

Hand Weapons
 a - a +0 short sword (weapon)
 h - a +0 club
 i - a +0 whip
Missiles
 c - 3 large rocks (quivered)
 d - 2 throwing nets
Armour
 b - a +0 robe (worn)
Scrolls
 g - 2 scrolls of identify {unknown}
 j - a scroll of fear {unknown}
 k - a scroll of noise {unknown}
 l - a scroll of enchant armour {unknown}
Potions
 m - a potion of might {unknown}
 n - a potion of degeneration {unknown}
Comestibles
 f - a bread ration


   Skills:
 + Level 3.2 Fighting
 * Level 2.5 Maces & Flails
 - Level 4.0 Throwing
 - Level 1.8 Dodging
 - Level 0.7 Stealth


You had one spell level left.
You didn't know any spells.

Dungeon Overview and Level Annotations

Branches:
Dungeon (2/15)

Altars:


Innate Abilities, Weirdness & Mutations

You are too large for most types of armour.
You have tough skin. (AC +1)


Message History

The adder is almost dead.
You feel sick. The adder bites you.
* * * LOW HITPOINT WARNING * * *
Throwing (i - inventory. (,) - cycle):
c - 5 large rocks (quivered)
Press: ? - help, Shift-Dir - straight line, f - adder
Aim: an adder (almost dead)
You throw a large rock. The large rock barely misses the adder.
* * * LOW HITPOINT WARNING * * *
You feel sick. The adder bites you.
* * * LOW HITPOINT WARNING * * *
You are more poisoned.
The adder poisons you! The adder closely misses you. x2
Throwing (i - inventory. (,) - cycle):
c - 4 large rocks (quivered)
Press: ? - help, Shift-Dir - straight line, f/p - adder
Aim: an adder (almost dead)
You throw a large rock.
The large rock closely misses the adder.
* * * LOW HITPOINT WARNING * * *
You feel sick. The adder bites you.
You die...

.. #.........####.#..#
... ##(................
.... #...#.............
#...# #.#.#.######....#.
.....##.#.#.###.........
#.......# #.#....##.....
.........#.#.#.#.####....
#.##. #S#.#.#....# #....
#....###@#.#.#.##.###....
###>.....#.#.## #........
........##.#.# #####....
........#..#.########....
...........#.............
............#........#...
...........##........#...
...........##........##..
.######....##........###.


You could see an adder.

Vanquished Creatures
  An adder (D:2)
  A giant gecko (D:2)
  A giant cockroach (D:1)
  A hobgoblin (D:1)
  2 bats
  3 goblins
  3 kobolds (D:1)
  2 rats (D:1)
14 creatures vanquished.

Notes
Turn   | Place    | Note
-------+----------+-------------------------------------------
     0 | D:1      | HAL9000 the Ogre Hunter began the quest for the Orb.
     0 | D:1      | Reached XP level 1. HP: 22/22 MP: 1/1
   389 | D:1      | Reached skill level 1 in Maces & Flails
   505 | D:1      | Reached XP level 2. HP: 24/31 MP: 2/2
  1299 | D:2      | Slain by an adder

Vault maps used:
D:1:      roderic_crop_circles_arrival_small
D:2:      lemuel_round_altar, serial_co_window_serial, co_window_paths_b,
          co_window_paths_a, co_window_corner_a, co_window_paths_a,
          co_window_paths_b, co_window_corner_ca, co_window_unsneaky_path_c,
          co_window_unsneaky_path_d, co_window_of_opportunity_c,
          glass_columns_c, glass_columns_b, first_bread, ecumenical_altar_1,
          uniq_iyjb

Skill      XL: |  1  2 |
---------------+-------+-----
Fighting       | 3 |  3.2
Maces & Flails | 1 2 |  2.5
Throwing       | |  4.0
Dodging        | |  1.8
Stealth        | |  0.7

Action                   || total
-------------------------++-------
Melee: Short sword       ||    57
Throw: Large rock        ||     4
  Eat: Chunk             ||     1
Armor: Robe              ||    17
Dodge: Dodged            ||    39
